 Dungeon Crawl Stone Soup version 0.31.0-12-g77e489cdc1 (webtiles) character file.

Game seed: 17074340194235896368

3241 Gadfly the Covered (level 9, -7/74 HPs)
             Began as an Armataur Fighter on Mar 1, 2024.
             Was a Follower of the Shining One.
             Mangled by a white ugly thing (8 damage)
             ... on level 7 of the Dungeon.
             The game lasted 00:09:06 (5267 turns).

Gadfly the Covered (Armataur Fighter)               Turns: 5267, Time: 00:09:07

Health: -7/74      AC: 15    Str: 28    XL:     9   Next: 67%
Magic:  13/13      EV:  5    Int: 12    God:    the Shining One [*.....]
Gold:   559        SH:  5    Dex: 11    Spells: 7/8 levels left

rFire   + . .        a - +6 morningstar of the Vulture {heavy, *Rage Str+6 Int+3}
rCold   + . .        c - +0 buckler
rNeg    . . .        f - +1 plate armour
rPois   +            (no helmet)
rElec   +            (no cloak)
rCorr   +            (no gloves)
SInv    .            (no barding)
Will    .....        (no amulet) Stlth
                     q - ring of resist corrosion
HPRegen 1.62/turn    i - +4 ring of protection
MPRegen 0.79/turn

%: random rage (20%), roll
@: resistant, glowing
A: large, deformed body, tough skin 3, armoured tail, roll 2, poison resistance,
weak 1
a: Renounce Religion, Divine Shield


You were on level 7 of the Dungeon.
You worshipped the Shining One.
The Shining One was aware of your devotion.
You visited 1 branch of the dungeon, and saw 7 of its levels.
You also visited: Sewer and Ossuary.

You collected 559 gold pieces.

Inventory:

Hand Weapons
 a - the +6 morningstar of the Vulture (weapon) {heavy, *Rage Str+6 Int+3}
   (You found it on level 4 of the Dungeon)

   Str+6:     It affects your strength (+6).
   Int+3:     It affects your intelligence (+3).
   *Rage:     It berserks you when you make melee attacks (+20% chance).
 b - a +3 flail of venom
 h - a +1 heavy flail
 y - a +0 flail of holy wrath
Armour
 c - a +0 buckler (worn)
 f - a +1 plate armour (worn)
Jewellery
 i - a +4 ring of protection (right hand)
 q - a ring of resist corrosion (left hand)
Wands
 m - a wand of roots (8)
 p - a wand of flame (52) (quivered)
 r - a wand of acid (7)
 x - a wand of mindburst (13)
Scrolls
 k - 3 scrolls of teleportation
 n - a scroll of enchant weapon
 o - a scroll of fog
 s - a scroll of revelation
 u - a scroll of fear
 z - 2 scrolls of identify
 B - a scroll of enchant armour
Potions
 d - 3 potions of might
 e - a potion of resistance
 g - a potion of lignification
 j - a potion of attraction
 l - 2 potions of curing
 t - a potion of invisibility {unknown}
 v - 2 potions of brilliance
 w - a potion of ambrosia
 A - 2 potions of enlightenment
 C - a potion of haste {unknown}
 D - a potion of mutation


   Skills:
 + Level 5.1 Fighting
 * Level 6.1 Maces & Flails
 + Level 6.5 Armour
 + Level 6.0 Shields
 * Level 6.2 Invocations
 * Level 6.2 Evocations


You had 7 spell levels left.
You knew the following spells:

 Your Spells              Type           Power      Damage    Failure   Level
a - Summon Small Mammal   Summ           0%         N/A       98%         1

Your spell library contained the following spells:

 Spells                   Type           Power      Damage    Failure   Level
 Apportation              Tloc           0%         N/A       98%         1
 Magic Dart               Conj           0%         1d3       98%         1
 Necrotise                Necr           0%         1d4       98%         1
 Sting                    Conj/Alch      0%         1d3       98%         1
 Jinxbite                 Hex            0%         N/A       99%         2
 Lesser Beckoning         Tloc           0%         N/A       99%         2
 Searing Ray              Conj           0%         2d4       99%         2
 Gell's Gravitas          Tloc           0%         N/A       100%        3
 Teleport Other           Tloc           0%         N/A       100%        3
 Tukima's Dance           Hex            0%         N/A       100%        3
 Dimensional Bullseye     Hex/Tloc       0%         N/A       100%        4
 Fulminant Prism          Conj/Alch      0%         3d5       100%        4
 Iskenderun's Mystic Bla  Conj/Tloc      0%         2d3       100%        4
 Alistair's Intoxication  Alch           0%         N/A       100%        5
 Iskenderun's Battlesphe  Conj           0%         2d6       100%        5
 Bombard                  Conj/Erth      0%         9d1       100%        6
 Spellforged Servitor     Conj/Summ      0%         N/A       100%        7


Dungeon Overview and Level Annotations

Branches:
Dungeon (7/15)              Sewer (visited)         Ossuary (visited)
 Temple: D:4-7

Altars:
Elyvilon
Kikubaaqudgha
Makhleb
Nemelex Xobeh
Sif Muna
The Shining One

Shops:
D:6 (


Innate Abilities, Weirdness & Mutations

Armour fits poorly on your strangely shaped body.
You have extremely tough skin. (AC +3)
You have a long armoured tail.
You regenerate magic and health when rolling toward enemies. (Rampage Regen)
Your system is resistant to poisons. (rPois)
You are weak. (Str -2)


Message History

An orc wizard comes into view. It is wielding a +0 dagger.
The orc wizard shouts!
You bludgeon the white ugly thing!!
The white ugly thing is severely wounded.
The white ugly thing kicks you but does no damage. x2
An orc comes into view. It is wielding a +0 falchion.
You feel protected.
The white ugly thing kicks you but does no damage.
An orc comes into view. It is wielding a +0 whip.
You feel better.
The white ugly thing kicks you but does no damage.
Aiming: Corrosive Bolt
Press: ? - help, Shift-Dir - straight line, f - orc
Aim: an orc, wielding a +0 whip (74% to hit)
The bolt of acid hits the white ugly thing!
The acid corrodes the white ugly thing!
The white ugly thing is severely wounded.
The bolt of acid hits the orc wizard!!
You kill the orc wizard!
The bolt of acid hits the orc!
The acid corrodes the orc!
You kill the orc!
The bolt of acid hits the orc!
You kill the orc!
You hear a shout!
The white ugly thing kicks you but does no damage.
Your Shields skill increases to level 6!
You barely miss the white ugly thing.
The white ugly thing is severely wounded.
The white ugly thing kicks you!
* * * LOW HITPOINT WARNING * * *
The white ugly thing freezes you! You resist.
* * * LOW HITPOINT WARNING * * *
An orc comes into view. It is wielding a +0 short sword.
The orc wizard casts a spell.
The orc wizard flickers and vanishes!
Deactivating autopickup; reactivate with Ctrl-A.
The white ugly thing kicks you.
* * * LOW HITPOINT WARNING * * *
The white ugly thing freezes you! You resist.
You die...

#..#..##.#
......)#.######. ##
####)........# . .####
...))...#.##.# .#....
######)...# #.<...o
........#.# .#..{
........#.# .F)
......#.#.# #u#
#####.#.#.# #@#
........#.# ###.#
#####'###.##.#...# ..
.............#...###....
........##.#............
...._...##.#.###.###....
........##.#.###.## ..
..⌠....###........#
.....†............#


You could see a white ugly thing (corroded), a bullfrog and an orc.

Vanquished Creatures
  Pikel (D:4)
  Grinder (D:4)
  Sigmund (D:4)
  2 steam dragons (D:7)
  Menkaure (D:5)
  Edmund (D:6)
  2 water moccasins (D:6)
  4 ice beasts
  2 black bears
  2 phantoms
  A lemure (D:4)
  Blork the orc (D:5)
  A brain worm (Sewer)
  3 scorpions
  5 wights (D:7)
  An orc priest (D:6)
  3 hounds (D:5)
  An orc wizard (D:7)
  8 mummies (Ossuary)
  6 adders
  4 gnolls (D:4)
  4 river rats (Sewer)
  A shadow imp (D:6)
  2 white imps
  10 orcs
  10 ball pythons
  3 endoplasms
  6 giant cockroaches
  A gnoll zombie (Ossuary)
  5 goblins
  5 hobgoblins
  2 jackals (Sewer)
  8 quokkas
  10 bats
  A frilled lizard (D:1)
  2 hobgoblin zombies (Ossuary)
  8 kobolds
  3 kobold zombies (Ossuary)
  2 orc zombies (Ossuary)
  2 rats
136 creatures vanquished.

Notes
Turn   | Place    | Note
-------+----------+-------------------------------------------
     0 | D:1      | Gadfly the Armataur Fighter began the quest for the Orb.
     0 | D:1      | Reached XP level 1. HP: 18/18 MP: 1/1
   120 | D:1      | Reached XP level 2. HP: 25/25 MP: 2/2
   532 | D:1      | Found a faded altar of an unknown god.
   767 | D:2      | Reached skill level 1 in Evocations
   845 | D:2      | You fall into a shaft and drop 2 floors!
   870 | D:4      | Reached skill level 1 in Invocations
   881 | D:4      | Reached XP level 3. HP: 23/30 MP: 3/3
   888 | D:4      | Identified the +6 morningstar of the Vulture {heavy, *Rage
                  | Str+6 Int+3}
   920 | D:4      | Noticed a phantom
   925 | D:4      | Killed a phantom
   926 | D:4      | Reached XP level 4. HP: 38/38 MP: 3/5
  1390 | D:3      | Found an ancient bone altar of Kikubaaqudgha.
  1795 | D:3      | Learned a level 1 spell: Summon Small Mammal
  1806 | D:4      | Reached XP level 5. HP: 45/45 MP: 6/6
  1886 | D:4      | Reached XP level 6. HP: 51/51 MP: 7/7
  1998 | D:4      | Found a white marble altar of Elyvilon.
  2023 | D:4      | Became a worshipper of Elyvilon the Healer
  2061 | D:4      | Noticed Grinder
  2068 | D:4      | Paralysed by Grinder for 3 turns
  2070 | D:4      | Killed Grinder
  2203 | D:4      | Noticed Pikel
  2210 | D:4      | Killed Pikel
  2211 | D:4      | Reached skill level 5 in Armour
  2211 | D:4      | Gained mutation: You regenerate magic and health when
                  | rolling toward enemies. (Rampage Regen) [Armataur growth]
  2211 | D:4      | Reached XP level 7. HP: 58/58 MP: 9/9
  2259 | D:4      | Noticed Sigmund
  2263 | D:4      | Killed Sigmund
  2264 | D:4      | Reached XP level 8. HP: 66/66 MP: 9/11
  2583 | D:4      | Gained mutation: You are weak. (Str -2) [potion of
                  | mutation]
  2583 | D:4      | Gained mutation: Your system is resistant to poisons.
                  | (rPois) [potion of mutation]
  2592 | D:5      | Entered Level 5 of the Dungeon
  2760 | D:5      | Noticed Menkaure
  2765 | D:5      | Killed Menkaure
  2766 | D:5      | Reached skill level 5 in Shields
  2783 | D:5      | Reached * piety under Elyvilon
  2786 | D:5      | Found a sand-covered staircase.
  2792 | Ossuary  | Entered an ossuary
  3212 | D:5      | Reached skill level 5 in Maces & Flails
  3212 | D:5      | Reached skill level 5 in Evocations
  3222 | D:5      | Found Codwisot's Antique Weapon Shop.
  3314 | D:5      | Noticed Blork the orc
  3319 | D:5      | Killed Blork the orc
  3320 | D:5      | Reached skill level 5 in Invocations
  3380 | D:5      | Found a burning altar of Makhleb.
  3594 | D:6      | Found Paiceaz's Antique Weapon Emporium.
  3894 | D:6      | Found a glowing drain.
  3895 | D:6      | Reached ** piety under Elyvilon
  3926 | Sewer    | Entered a sewer
  4115 | Sewer    | Reached XP level 9. HP: 64/72 MP: 9/12
  4625 | D:6      | Noticed Edmund
  4630 | D:6      | Killed Edmund
  5006 | D:7      | Reached skill level 5 in Fighting
  5008 | D:7      | HP: 4/102 [wight/+3 great sword (4)]
  5220 | D:7      | Found a glowing golden altar of the Shining One.
  5225 | D:7      | Found a sparkling altar of Nemelex Xobeh.
  5227 | D:7      | Found a shimmering blue altar of Sif Muna.
  5237 | D:7      | Fell from the grace of Elyvilon
  5237 | D:7      | Became a worshipper of the Shining One
  5237 | D:7      | Reached * piety under the Shining One
  5256 | D:7      | Noticed a white ugly thing
  5262 | D:7      | HP: 3/74 [white ugly thing (32)]
  5267 | D:7      | HP: 2/74 [white ugly thing (11)]
  5267 | D:7      | Mangled by a white ugly thing

Illustrated notes

Levels and vault maps discovered:
D:1:      roderic_chinese_lattice_arrival, layout_loops_ring,
          shapermc_ecumenical_altar_hornbeckon
D:2:      layout_loops_ring, grunt_ministairs_14, st_stairs_7
D:3:      layout_loops_corners, mainiacjoe_overflow_alcove_1
D:4:      layout_loops_ring, mainiacjoe_overflow_24_doors, uniq_grinder,
          uniq_sigmund, uniq_pikel
D:5:      layout_cave_pools, lightli_temple_of_fire, serial_shops,
          kennysheep_mini, nicolae_ossuary_entry_plus, uniq_menkaure,
          uniq_blork_the_orc
D:6:      layout_cave_pools, serial_shops, shop, portal_sewer_entry_f,
          uniq_edmund
D:7:      layout_basic, grunt_temple_overflow_open, minmay_temple_entry_poolview

Skill      XL: |  1  2  3  4  5  6  7  8  9 |
---------------+----------------------------+-----
Maces & Flails | 2 3 4 5 6 |  6.1
Evocations     | 1 2 4 5 6 |  6.2
Invocations    | 1 2 3 4 5 6 |  6.2
Fighting       | 3 4 5 |  5.1
Armour         | 4 5 6 |  6.5
Shields        | 4 5 6 |  6.0

Action                     |  1- 3 |  4- 6 |  7- 9 || total
---------------------------+-------+-------+-------++-------
  Melee: Flail             |    86 |       |    27 ||   113
         Tailslap          |     5 |     2 |    17 ||    24
         Morningstar       |     5 |    59 |   162 ||   226
  Evoke: Wand              |       |       |     2 ||     2
    Use: Scroll            |     1 |     5 |    13 ||    19
         Potion            |     1 |       |     6 ||     7
 Armour: Scale mail        |    16 |       |       ||    16
         Plate armour      |    65 |    72 |   263 ||   400
  Dodge: Dodged            |    23 |    22 |    72 ||   117
  Block: Buckler           |    21 |    16 |    59 ||    96
